 Dungeon Crawl Stone Soup version 0.29-a0-847-g24c0ca63c9 (console) character file.

Game seed: 9072414178836282006

23398 Banquo the Destroyer (level 13, -2/89 (98) HPs)
             Began as a Gnoll Conjurer on July 16, 2022.
             Was an Elder of Vehumet.
             Slain by a soul eater (20 damage)
             ... in a Gauntlet on July 18, 2022.
             The game lasted 01:47:21 (22231 turns).

Banquo the Destroyer (Gnoll Conjurer)              Turns: 22231, Time: 01:47:22

HP:   -2/89 (98)    AC:  6    Str:  6    XL:     13   Next: 6%
MP:   10/26         EV: 14    Int: 22    God:    Vehumet [****..]
Gold: 950           SH:  6    Dex: 12    Spells: 12/31 levels left

rFire   . . .      SeeInvis .   n - +2 scimitar (holy)
rCold   . . .      Faith    .   i - +0 buckler
rNeg    . . .      Spirit   .   d - +0 troll leather armour
rPois   +          Reflect  .   (no helmet)
rElec   .          Harm     .   (no cloak)
rCorr   .          Rampage  .   g - +0 pair of gloves
Will    .....      NoTele   +   (no boots)
Stlth   ++++......              P - amulet of magic regeneration
HPRegen 1.04/turn               p - ring of poison resistance
MPRegen 0.60/turn               t - ring of wizardry

@: hasted, drained, very quick
A: fangs 1, strong nose, distributed training
a: Renounce Religion


You were in a Gauntlet.
You worshipped Vehumet.
Vehumet was greatly pleased with you.
You visited 2 branches of the dungeon, and saw 12 of its levels.
You also visited: Gauntlet.

You collected 950 gold pieces.

Inventory:

Hand Weapons
 a - a +3 vorpal trident
 b - a +1 war axe
 n - a +2 scimitar of holy wrath (weapon)
Missiles
 H - 25 poisoned darts
 J - 2 throwing nets
 L - 8 boomerangs
 S - 6 javelins
Armour
 d - a +0 troll leather armour (worn)
 g - a +0 pair of gloves (worn)
 h - a +2 pair of boots of stealth
 i - a +0 buckler (worn)
Magical Staves
 c - a staff of cold
Jewellery
 j - the ring "Vaoff" {Fly rElec Str+4 Int+3 Slay-4}
   (You found it in a Gauntlet)

   [ring of flight]

   Str:       It affects your strength (+4).
   Int:       It affects your intelligence (+3).
   Slay:      It affects your accuracy & damage with ranged weapons and melee
   (-4).
   rElec:     It insulates you from electricity.
   Fly:       It grants you flight.
 p - a ring of poison resistance (left hand)
 t - a ring of wizardry (right hand)
 C - a ring of protection from cold
 F - an amulet of reflection
 G - a ring of resist corrosion
 P - an amulet of magic regeneration (around neck)
 R - a ring of fire
Wands
 u - a wand of paralysis (10)
 D - a wand of flame (50)
 U - a wand of digging (6)
Scrolls
 e - 3 scrolls of fear
 k - a scroll of fog
 r - 4 scrolls of teleportation
 T - a scroll of poison {unknown}
Potions
 f - 4 potions of magic
 l - 3 potions of flight
 m - 4 potions of lignification
 o - a potion of haste
 q - 5 potions of cancellation
 w - 2 potions of heal wounds
 x - 5 potions of curing
 E - 2 potions of brilliance
 N - 3 potions of ambrosia
 V - a potion of degeneration {unknown}
 W - a potion of resistance {unknown}
Miscellaneous
 Q - a phantom mirror


   Skills:
 + Level 8.2 Fighting
 + Level 8.2 Short Blades
 + Level 8.2 Long Blades
 + Level 8.2 Axes
 + Level 8.2 Maces & Flails
 + Level 8.2 Polearms
 + Level 8.2 Staves
 + Level 8.2 Ranged Weapons
 + Level 8.2 Throwing
 + Level 8.2 Armour
 + Level 9.4 Dodging
 + Level 9.3 Stealth
 + Level 8.2 Shields
 + Level 8.2 Unarmed Combat
 + Level 9.7 Spellcasting
 + Level 9.9 Conjurations
 + Level 6.8 Hexes
 + Level 6.8 Summonings
 + Level 6.8 Necromancy
 + Level 6.8 Translocations
 + Level 6.8 Transmutations
 + Level 6.8 Fire Magic
 + Level 6.8 Ice Magic
 + Level 6.8 Air Magic
 + Level 6.8 Earth Magic
 + Level 6.8 Poison Magic
 + Level 9.0 Invocations
 + Level 8.2 Evocations


You had 12 spell levels left.
You knew the following spells:

 Your Spells              Type           Power      Damage    Failure   Level
a - Magic Dart            Conj           100%       1d8       1%          1
m - Iskenderun's Mystic   Conj/Tloc      47%        2d10      1%          4
p - Fulminant Prism       Conj/Hex       23%        3d13      1%          4
r - Searing Ray           Conj           100%       2d8       1%          2
z - Stone Arrow           Conj/Erth      94%        3d12      1%          3
F - Summon Forest         Summ/Tloc      20%        N/A       8%          5

Your spell library contained the following spells:

 Spells                   Type           Power      Damage    Failure   Level
 Mephitic Cloud           Conj/Pois/Air  45%        N/A       1%          3
 Apportation              Tloc           80%        N/A       1%          1
 Necrotise                Necr           100%       1d9       1%          1
 Summon Small Mammal      Summ           100%       N/A       1%          1
 Call Canine Familiar     Summ           40%        N/A       1%          3
 Confusing Touch          Hex            40%        N/A       1%          3
 Dazzling Flash           Conj/Hex       94%        N/A       1%          3
 Ozocubu's Armour         Ice            40%        N/A       1%          3
 Summon Guardian Golem    Hex/Summ       40%        N/A       1%          3
 Animate Armour           Summ/Erth      80%        N/A       2%          4
 Passage of Golubria      Tloc           40%        N/A       2%          4
 Yara's Violent Unravell  Hex/Tmut       20%        3d9       2%          5
 Iron Shot                Conj/Erth      23%        9d5       6%          6
 Blade Hands              Tmut           20%        N/A       8%          5
 Metabolic Englaciation   Hex/Ice        20%        N/A       8%          5
 Silence                  Hex/Air        20%        N/A       8%          5
 Summon Mana Viper        Hex/Summ       40%        N/A       8%          5
 Simulacrum               Ice/Necr       20%        N/A       38%         6
 Summon Cactus Giant      Summ           20%        N/A       38%         6
 Lehudib's Crystal Spear  Conj/Erth      23%        10d7      86%         8
 Enfeeble                 Hex            20%        N/A       89%         7


Dungeon Overview and Level Annotations

Branches:
Dungeon (8/15)             Temple (0/1) D:7            Lair (4/6) D:8
 Shoals (0/4) Lair:3       Spider (0/4) Lair:4      Gauntlet (1/1)

Altars:
Cheibriados
Fedhas
Nemelex Xobeh
Ru
Trog
Uskayaw
Vehumet
Zin

Shops:
D:3 =   D:4 *

Annotations:
D:2 1 exclusion, Sigmund Gauntlet 12 transporters


Innate Abilities, Weirdness & Mutations

You have very sharp teeth.
Your uncanny sense of smell can sniff out nearby items.
Your experience applies equally to all skills.


Message History

Aiming: Stone Arrow (safe; 1% risk of failure)
Press: ? - help, Shift-Dir - straight line The stone arrow hits the soul eater.
The soul eater is lightly wounded.
The soul eater hits you!!
* * * LOW HITPOINT WARNING * * *
You feel drained.
Your fulminant prism explodes!
The blast of energy engulfs the soul eater.
The soul eater is lightly wounded.
Press: ? - help, v - describe, . - travel
Here: a soul eater (lightly wounded)
The floor.
Unknown command.
Unknown command.
Unknown command.
Unknown command.
You feel yourself speed up. The soul eater hits you.
* * * LOW HITPOINT WARNING * * *
Unknown command.
Okay, then.
Your +2 scimitar of holy wrath softly glows with a divine radiance!
n - a +2 scimitar of holy wrath (weapon)
You slash the soul eater!
The soul eater convulses!
The soul eater is heavily wounded.
The soul eater draws from the surrounding life force!
* * * LOW HITPOINT WARNING * * *
The soul eater is healed.
You slash the soul eater!
The soul eater convulses!
The soul eater is severely wounded.
You closely miss the soul eater.
The soul eater is severely wounded.
The soul eater closely misses you.
You hit the soul eater but do no damage.
The soul eater is severely wounded.
You hit the soul eater.
The soul eater convulses.
Your bite misses the soul eater.
The soul eater is severely wounded.
The soul eater hits you!!
You die...

..©#..©#...#©..#©.#..#©#..###
.#.#..)#...#5.##.##..#.#..#
##.##..#...#(5^..#...#.#..###
#...##.#...#.##.##.#.#.#..#8#
.....ZZ#...#...555.^.#.#..#######
########...###########.#........#
.........§...........#.#........#
####....≈8≈....#######.#######...
..©#.....≈§....#@3..........©#...
########..§######################
?.©?...#...#....©....#≈##©##.....
.......#...#.##...##.#≈#.##.###..
#.P.#..#...#.#.###.#.#≈#.#.##.##.
......#...#..##.##..#≈#.#.#.#.#.
.©....#...#....©.5..#8#.#.#©#.#.
......B#...#..##.##..#≈#.#.#.#.#.
#P..#..#...#.#.###.#.#≈#.##.##.#p


You could see a soul eater and 3 shadow imps.

Vanquished Creatures
  2 hydras (Lair:1)
  A deep troll (Lair:3)
  4 elephants (Lair:3)
  A rust devil (Gauntlet)
  A gargoyle (D:8)
  6 cane toads
  2 rime drakes (Lair:3)
  6 komodo dragons
  8 blink frogs
  2 jumping spiders (Lair:4)
  A ynoxinul (Gauntlet)
  45 yaks
  Eustachio (D:6)
  3 basilisks
  A steam dragon (D:5)
  A redback (Lair:4)
  An acid dragon (D:8)
  Duvessa (D:7)
  7 water moccasins
  3 orc warriors
  3 sky beasts
  6 black bears
  A centaur (D:8)
  11 wolves
  2 ogres
  A phantom (D:4)
  3 kobold brigands
  2 scorpions
  16 bullfrogs
  3 gnoll sergeants
  A necrophage (D:6)
  3 wights (D:8)
  Dowan (D:7)
  3 killer bees (D:8)
  A howler monkey (D:3)
  4 hounds
  A jelly (D:4)
  7 orc priests
  4 iron imps
  3 iguanas
  3 orc wizards
  9 adders
  26 gnolls
  4 shadow imps
  2 white imps
  5 worms
  3 dart slugs (D:3)
  21 orcs
  8 ball pythons
  8 bats
  8 endoplasms
  A giant cockroach (D:2)
  4 goblins
  6 hobgoblins
  10 quokkas
  2 frilled lizards (D:1)
  17 kobolds
  7 rats
  2 fulminant prisms
319 creatures vanquished.

Vanquished Creatures (collateral kills)
  An elephant (Lair:3)
  A blink frog (Lair:2)
2 creatures vanquished.

Vanquished Creatures (others)
  A bush (Lair:3)
  155 fulminant prisms
  69 fungi
  118 plants
  16 withered plants (Gauntlet)
359 creatures vanquished.

Grand Total: 680 creatures vanquished

Notes
Turn   | Place    | Note
-------+----------+-------------------------------------------
     0 | D:1      | Banquo the Gnoll Conjurer began the quest for the Orb.
     0 | D:1      | Reached XP level 1. HP: 13/13 MP: 6/6
   321 | D:1      | Reached XP level 2. HP: 19/19 MP: 5/7
   347 | D:1      | Learned a level 2 spell: Searing Ray
   886 | D:1      | Reached skill level 5 in Spellcasting
   886 | D:1      | Reached XP level 3. HP: 25/25 MP: 4/9
  1450 | D:1      | Reached skill level 1 in Invocations
  1513 | D:2      | Found a blossoming altar of Fedhas.
  1823 | D:2      | Reached skill level 1 in Fighting
  1823 | D:2      | Reached skill level 1 in Short Blades
  1823 | D:2      | Reached skill level 1 in Long Blades
  1823 | D:2      | Reached skill level 1 in Axes
  1823 | D:2      | Reached skill level 1 in Maces & Flails
  1823 | D:2      | Reached skill level 1 in Polearms
  1823 | D:2      | Reached skill level 1 in Staves
  1823 | D:2      | Reached skill level 1 in Ranged Weapons
  1823 | D:2      | Reached skill level 1 in Throwing
  1823 | D:2      | Reached skill level 1 in Armour
  1823 | D:2      | Reached skill level 1 in Shields
  1823 | D:2      | Reached skill level 1 in Unarmed Combat
  1823 | D:2      | Reached skill level 1 in Evocations
  2029 | D:2      | Reached XP level 4. HP: 32/32 MP: 7/11
  2299 | D:2      | Noticed Sigmund
  2513 | D:3      | Found a faded altar of an unknown god.
  2522 | D:3      | Reached skill level 1 in Hexes
  2522 | D:3      | Reached skill level 1 in Summonings
  2522 | D:3      | Reached skill level 1 in Necromancy
  2522 | D:3      | Reached skill level 1 in Translocations
  2522 | D:3      | Reached skill level 1 in Transmutations
  2522 | D:3      | Reached skill level 1 in Fire Magic
  2522 | D:3      | Reached skill level 1 in Ice Magic
  2522 | D:3      | Reached skill level 1 in Air Magic
  2522 | D:3      | Reached skill level 1 in Earth Magic
  2522 | D:3      | Reached skill level 1 in Poison Magic
  2577 | D:3      | Reached XP level 5. HP: 37/37 MP: 8/12
  3114 | D:3      | Found Jonke's Jewellery Boutique.
  3940 | D:3      | Found Jonke's Jewellery Boutique.
  4109 | D:3      | Found a faded altar of an unknown god.
  4822 | D:4      | Reached XP level 6. HP: 33/44 MP: 8/13
  4919 | D:4      | You fall into a shaft and drop 2 floors!
  4921 | D:6      | Noticed a sky beast
  4928 | D:6      | Noticed a sky beast
  4949 | D:5      | Entered Level 5 of the Dungeon
  5204 | D:5      | Reached skill level 5 in Dodging
  5754 | D:4      | Found a blossoming altar of Fedhas.
  5862 | D:4      | Reached XP level 7. HP: 50/50 MP: 12/15
  5899 | D:4      | Found a hide-covered altar of Uskayaw.
  6003 | D:4      | Found Zin's Purification Station.
  6006 | D:4      | Found a glowing silver altar of Zin.
  6358 | D:4      | Reached skill level 5 in Stealth
  7156 | D:6      | Noticed a steam dragon
  7295 | D:5      | Learned a level 4 spell: Iskenderun's Mystic Blast
  7315 | D:5      | Reached XP level 8. HP: 30/58 MP: 0/16
  8203 | D:6      | Noticed Eustachio
  8783 | D:5      | Learned a level 4 spell: Fulminant Prism
  9493 | D:6      | Found a radiant altar of Vehumet.
  9604 | D:6      | Became a worshipper of Vehumet
 10087 | D:6      | Reached XP level 9. HP: 65/65 MP: 11/18
 10136 | D:6      | Killed Eustachio
 10538 | D:7      | Noticed Duvessa
 10538 | D:7      | Noticed Dowan
 10587 | D:7      | Killed Duvessa
 10816 | D:7      | Killed Dowan
 10937 | D:7      | Found a staircase to the Ecumenical Temple.
 11222 | D:7      | Reached * piety under Vehumet
 11222 | D:7      | Offered knowledge of Shock by Vehumet.
 11226 | D:7      | Reached skill level 5 in Invocations
 11790 | D:7      | Found a snail-covered altar of Cheibriados.
 12310 | D:8      | Found a sacrificial altar of Ru.
 12466 | D:8      | Reached skill level 5 in Fighting
 12466 | D:8      | Reached skill level 5 in Short Blades
 12466 | D:8      | Reached skill level 5 in Long Blades
 12466 | D:8      | Reached skill level 5 in Axes
 12466 | D:8      | Reached skill level 5 in Maces & Flails
 12466 | D:8      | Reached skill level 5 in Polearms
 12466 | D:8      | Reached skill level 5 in Staves
 12466 | D:8      | Reached skill level 5 in Ranged Weapons
 12466 | D:8      | Reached skill level 5 in Throwing
 12466 | D:8      | Reached skill level 5 in Armour
 12466 | D:8      | Reached skill level 5 in Shields
 12466 | D:8      | Reached skill level 5 in Unarmed Combat
 12466 | D:8      | Reached skill level 5 in Evocations
 12466 | D:8      | Reached XP level 10. HP: 62/74 MP: 10/20
 13019 | D:8      | Offered knowledge of Freeze by Vehumet.
 13136 | D:8      | Found a staircase to the Lair.
 13222 | D:8      | Noticed a gargoyle
 13448 | D:8      | Killed a gargoyle
 13683 | D:8      | Found a sparkling altar of Nemelex Xobeh.
 13697 | D:8      | Reached ** piety under Vehumet
 14137 | D:8      | Found a bloodstained altar of Trog.
 14396 | Lair:1   | Entered Level 1 of the Lair of Beasts
 15152 | Lair:1   | Reached skill level 5 in Hexes
 15152 | Lair:1   | Reached skill level 5 in Summonings
 15152 | Lair:1   | Reached skill level 5 in Necromancy
 15152 | Lair:1   | Reached skill level 5 in Translocations
 15152 | Lair:1   | Reached skill level 5 in Transmutations
 15152 | Lair:1   | Reached skill level 5 in Fire Magic
 15152 | Lair:1   | Reached skill level 5 in Ice Magic
 15152 | Lair:1   | Reached skill level 5 in Air Magic
 15152 | Lair:1   | Reached skill level 5 in Earth Magic
 15152 | Lair:1   | Reached skill level 5 in Poison Magic
 15152 | Lair:1   | Reached XP level 11. HP: 81/81 MP: 12/22
 15397 | Lair:1   | Offered knowledge of Stone Arrow by Vehumet.
 15601 | Lair:1   | Reached *** piety under Vehumet
 15710 | D:8      | Learned a level 3 spell: Stone Arrow
 15776 | Lair:1   | Noticed a seven-headed hydra
 16135 | Lair:1   | Killed a seven-headed hydra
 17572 | Lair:1   | Noticed an eight-headed hydra
 17587 | Lair:1   | Killed an eight-headed hydra
 17908 | Lair:1   | Reached XP level 12. HP: 91/91 MP: 3/24
 18909 | Lair:2   | Learned a level 5 spell: Summon Forest
 19789 | Lair:3   | Found a hide-covered altar of Uskayaw.
 20259 | Lair:3   | Identified the +2 chain mail of Protective Custody {Int+2}
 20344 | Lair:3   | Offered knowledge of Mephitic Cloud by Vehumet.
 21215 | Lair:3   | Found a staircase to the Shoals.
 21671 | Lair:4   | Found a hole to the Spider Nest.
 21676 | Lair:4   | Reached XP level 13. HP: 98/98 MP: 22/26
 21735 | Lair:4   | Found a gate leading to a gauntlet.
 21778 | Gauntlet | Entered a Gauntlet
 21778 | Gauntlet | Found a transporter.
 21778 | Gauntlet | Found a transporter.
 21785 | Gauntlet | Found a transporter.
 21799 | Gauntlet | Found a transporter.
 21823 | Gauntlet | Found a transporter.
 21827 | Gauntlet | Found a transporter.
 21918 | Gauntlet | Found a transporter.
 21934 | Gauntlet | Found a transporter.
 21951 | Gauntlet | Found a transporter.
 21964 | Gauntlet | Found a transporter.
 22054 | Gauntlet | Found a transporter.
 22054 | Gauntlet | Found a transporter.
 22064 | Gauntlet | Found a transporter.
 22065 | Gauntlet | Found a transporter.
 22073 | Gauntlet | Found the +9 sword of Zonguldrok {reap}
 22077 | Gauntlet | Found a transporter.
 22079 | Gauntlet | Found a transporter.
 22153 | Gauntlet | Reached **** piety under Vehumet
 22211 | Gauntlet | Identified the ring "Vaoff" {Fly rElec Str+4 Int+3 Slay-4}
 22231 | Gauntlet | Slain by a soul eater

Illustrated notes

Levels and vault maps discovered:
D:1:      eino_arrival_water_cross, layout_loops_ring, serial_bayou,
          serial_bayou_lagoon_a, serial_bayou_ford_a, serial_bayou_pond_b,
          serial_bayou_pond_e, minmay_misc_feat_iff
D:2:      layout_loops_ring, basic_altar, uniq_sigmund
D:3:      layout_basic, serial_shops, shop, dreamdust_ecumenical_altar_statues,
          minmay_randomly_rotated_circles
D:4:      minmay_wonky_spiral, layout_basic, zin_purify, lemuel_doored_altar,
          lemuel_coloured_pillars_altar, columned_hall_lemuel
D:5:      layout_gridville
D:6:      layout_cave_pools, amcnicky_altar_gilded, nicolae_grassy_gnolls,
          uniq_eustachio
D:7:      layout_rooms, chei_slow_surprise,
          minmay_temple_entry_statues_fountains, kennysheep_big_empty_room,
          minmay_diced_spiral, uniq_duvessa
D:8:      layout_rooms, nicolae_overflow_hidden_temple,
          mainiacjoe_overflow_tiny_flanked, nicolae_overflow_crystal_walls,
          due_lair_maze_entry_diamond
Lair:1:   layout_cave_pods
Lair:2:   layout_regular_city
Lair:3:   dreamdust_cave_troll, layout_layer_cave, elwin_shoals_entry_rocks,
          basic_altar
Lair:4:   layout_long_grid, nicolae_spider_entry_tight_spaces,
          gauntlet_entry_generic, serial_bayou_shore_b, uniq_urug
Gauntlet: gammafunk_gauntlet_branching [nicolae_gauntlet_arena_blocks,
          gammafunk_gauntlet_arena_grid, gammafunk_gauntlet_arena_spirals,
          gammafunk_gauntlet_arena_corners, gammafunk_gauntlet_arena_hedges,
          nicolae_gauntlet_arena_x, nicolae_gauntlet_arena_grate_2,
          gammafunk_gauntlet_arena_split_x, gauntlet_exit_hidden_loot]

Skill      XL: |  1  2  3  4  5  6  7  8  9 10 11 12 13 |
---------------+----------------------------------------+-----
Spellcasting   | 5 6 7 8 9 |  9.7
Invocations    | 1 2 3 4 5 6 7 8 9 |  9.0
Fighting       | 1 2 3 5 6 7 8 |  8.2
Short Blades   | 1 2 3 5 6 7 8 |  8.2
Long Blades    | 1 2 3 5 6 7 8 |  8.2
Axes           | 1 2 3 5 6 7 8 |  8.2
Maces & Flails | 1 2 3 5 6 7 8 |  8.2
Polearms       | 1 2 3 5 6 7 8 |  8.2
Staves         | 1 2 3 5 6 7 8 |  8.2
Ranged Weapons | 1 2 3 5 6 7 8 |  8.2
Throwing       | 1 2 3 5 6 7 8 |  8.2
Armour         | 1 2 3 5 6 7 8 |  8.2
Shields        | 1 2 3 5 6 7 8 |  8.2
Unarmed Combat | 1 2 3 5 6 7 8 |  8.2
Evocations     | 1 2 3 5 6 7 8 |  8.2
Hexes          | 1 2 3 4 5 6 |  6.8
Summonings     | 1 2 3 4 5 6 |  6.8
Necromancy     | 1 2 3 4 5 6 |  6.8
Translocations | 1 2 3 4 5 6 |  6.8
Transmutations | 1 2 3 4 5 6 |  6.8
Fire Magic     | 1 2 3 4 5 6 |  6.8
Ice Magic      | 1 2 3 4 5 6 |  6.8
Air Magic      | 1 2 3 4 5 6 |  6.8
Earth Magic    | 1 2 3 4 5 6 |  6.8
Poison Magic   | 1 2 3 4 5 6 |  6.8
Dodging        | 5 6 7 8 9 |  9.4
Stealth        | 5 6 7 8 9 |  9.3
Conjurations   | 8 9 |  9.9

Action                   |  1- 3 |  4- 6 |  7- 9 | 10-12 | 13-15 || total
-------------------------+-------+-------+-------+-------+-------++-------
Melee: Spear             |     1 |     3 |     3 |       |       ||     7
       War axe           |       |       |     1 |       |       ||     1
       Trident           |       |       |    11 |    69 |     1 ||    81
       Bite              |       |       |     2 |    10 |       ||    12
       Scimitar          |       |       |       |       |     5 ||     5
 Cast: Magic Dart        |    64 |    56 |    81 |    31 |     1 ||   233
       Searing Ray       |     7 |    28 |    50 |    11 |       ||    96
       Iskenderun's Myst |       |       |    10 |    60 |    12 ||    82
       Fulminant Prism   |       |       |    40 |   116 |     1 ||   157
       Stone Arrow       |       |       |       |    77 |    14 ||    91
       Summon Forest     |       |       |       |     3 |       ||     3
  Use: Scroll            |       |       |    16 |     4 |       ||    20
       Potion            |       |       |       |       |     1 ||     1
 Stab: Sleeping          |       |       |     3 |       |       ||     3
       Distracted        |       |       |       |     2 |       ||     2
Armor: Robe              |       |     1 |    12 |       |       ||    13
       Steam dragon scal |       |       |     6 |    32 |       ||    38
       Troll leather arm |       |       |       |       |     4 ||     4
Dodge: Dodged            |     3 |    18 |    48 |    93 |    12 ||   174
Block: Buckler           |       |     3 |    33 |    63 |     7 ||   106
       Reflection        |       |       |     6 |     3 |       ||     9

Table legend: (Time is in decaauts)
 A = Elapsed time spent in this place.
 B = Non-inter-level travel time spent in this place.
 C = Inter-level travel time spent in this place.
 D = Time resting spent in this place.
 E = Time spent auto-exploring this place.
 F = Levels seen in this place.
 G = Mean time per level.
                   A        B        C        D        E       F      G
               +--------+--------+--------+--------+--------+-----+--------+
         Total |  22310 |  21023 |   1287 |   7880 |   8904 |  13 | 1716.2 |
       Dungeon |  16146 |  15115 |   1031 |   6302 |   6086 |   8 | 2018.2 |
          Lair |   5713 |   5457 |    256 |   1567 |   2817 |   4 | 1428.2 |
      Gauntlet |    450 |    450 |      0 |     11 |      0 |   1 |  450.0 |
               +--------+--------+--------+--------+--------+-----+--------+

Top non-repeatable levels by time:
     D:5: 3025 daAuts
     D:8: 2880 daAuts
  Lair:1: 2564 daAuts
     D:3: 2334 daAuts
     D:7: 2292 daAuts
  Lair:3: 1752 daAuts
     D:6: 1615 daAuts
     D:1: 1594 daAuts
     D:4: 1498 daAuts
  Lair:2: 1246 daAuts
     D:2: 905 daAuts
Gauntlet: 450 daAuts
  Lair:4: 150 daAuts
